 Dungeon Crawl Stone Soup version 0.20.0-15-g7f486f2 (webtiles) character file.

47088 esteth the Geomancer (level 14, -8/90 HPs)
             Began as a Gargoyle Earth Elementalist on June 12, 2017.
             Was a High Priest of Vehumet.
             Mangled by an orc warrior
             ... wielding a +0 scimitar
              (24 damage)
             ... on level 1 of the Orcish Mines on June 13, 2017.
             The game lasted 01:16:03 (20003 turns).

esteth the Geomancer (Gargoyle Earth Elementalist) Turns: 20003, Time: 01:16:04

Health: -8/90      AC: 22    Str: 11    XL:     14   Next: 40%
Magic:  27/27      EV: 12    Int: 24    God:    Vehumet [*****.]
Gold:   1681       SH:  0    Dex:  5    Spells: 18/32 levels left

rFire    . . .     SeeInvis +   w - +7 flail (holy)
rCold    . . .     Gourm    +   (no shield)
rNeg     + . .     Faith    .   X - +1 robe of Azevunta {+Fly rCorr Dex-5 SInv}
rPois    ∞         Spirit   .   B - +2 helmet
rElec    +         Reflect  .   n - +1 cloak
rCorr    +         Harm     .   h - +0 pair of gloves
MR       +....                  P - +0 pair of boots
Stlth    ++........             c - amulet of the gourmand
Regen    0.3/turn               E - +2 ring of intelligence
MPRegen  0.2/turn               Q - ring of wizardry

@: about to teleport, flying
A: big wings, negative energy resistance 1, electricity resistance, unbreathing,
petrification resistance, rot immunity, AC +9
a: Stop Flying, Renounce Religion


You were on level 1 of the Orcish Mines.
You worshipped Vehumet.
Vehumet was extremely pleased with you.
You were very full.

You visited 4 branches of the dungeon, and saw 19 of its levels.
You also visited: Ossuary.

You collected 1681 gold pieces.

Inventory:

Hand Weapons
 w - a +7 flail of holy wrath (weapon)
 W - the +7 sceptre of Torment
   (You found it on level 6 of the Lair of Beasts)
Missiles
 b - 172 stones (quivered)
Armour
 h - a +0 pair of gloves (worn)
 n - a +1 cloak (worn)
 z - a scarf of resistance
 B - a +2 helmet (worn)
 P - a +0 pair of boots (worn)
 X - the +1 robe of Azevunta (worn) {+Fly rCorr Dex-5 SInv}
   (You found it on level 3 of the Lair of Beasts)

   It affects your dexterity (-5).
   It lets you see invisible.
   It lets you fly.
   It protects you from acid and corrosion.
Jewellery
 c - an amulet of the gourmand (around neck)
 g - an uncursed ring of see invisible
 i - an uncursed ring of protection from magic
 E - a +2 ring of intelligence (left hand)
 H - an uncursed ring of protection from magic
 I - an uncursed ring of magical power
 L - a +4 ring of strength
 Q - a ring of wizardry (right hand)
Wands
 f - a wand of digging (13/24)
 r - a wand of iceblast (0/15)
 A - a wand of confusion (34/48)
 G - a wand of digging (14/24)
 J - a wand of flame (17/48)
 N - a wand of disintegration (22/24)
Scrolls
 a - 6 scrolls of recharging
 u - 6 scrolls of remove curse
 v - 4 scrolls of teleportation
 y - 2 scrolls of enchant armour
 F - 4 scrolls of identify
 O - 3 scrolls of amnesia
 R - 2 scrolls of immolation
 Y - a scroll of magic mapping
Potions
 k - a potion of berserk rage
 m - 9 potions of curing
 t - 3 potions of haste
 x - 4 potions of brilliance
 C - 5 potions of mutation
 D - 2 potions of cancellation {unknown}
 S - 3 potions of might {unknown}
 T - 3 potions of resistance
 U - 2 potions of ambrosia {unknown}
Books
 e - a book of Geomancy

   Spells                             Type                      Level
   a - Sandblast                      Earth                        1
   b - Passwall                       Transmutation/Earth          2
   c - Stone Arrow                    Conjuration/Earth            3
   d - Petrify                        Transmutation/Earth          4
   e - Lee's Rapid Deconstruction     Earth                        5
 q - a book of Air

   Spells                             Type                      Level
   a - Shock                          Conjuration/Air              1
   b - Swiftness                      Charms/Air                   2
   c - Static Discharge               Conjuration/Air              3
   d - Airstrike                      Air                          4
   e - Lightning Bolt                 Conjuration/Air              5
 s - a book of Minor Magic

   Spells                             Type                      Level
   a - Magic Dart                     Conjuration                  1
   b - Blink                          Translocation                2
   c - Call Imp                       Summoning                    2
   d - Slow                           Hexes                        2
   e - Conjure Flame                  Conjuration/Fire             3
   f - Mephitic Cloud                 Conjuration/Poison/Air       3
 K - a book of Cantrips

   Spells                             Type                      Level
   a - Confusing Touch                Hexes                        1
   b - Animate Skeleton               Necromancy                   1
   c - Summon Small Mammal            Summoning                    1
   d - Apportation                    Translocation                1
 M - a book of Misfortune

   Spells                             Type                      Level
   a - Confusing Touch                Hexes                        1
   b - Confuse                        Hexes                        3
   c - Gell's Gravitas                Translocation                3
   d - Petrify                        Transmutation/Earth          4
   e - Metabolic Englaciation         Hexes/Ice                    5
   f - Yara's Violent Unravelling     Hexes/Transmutation          5
Comestibles
 d - 9 bread rations
 j - 7 royal jellies
 l - 6 fruits
 p - 7 meat rations


   Skills:
 + Level 11.1 Fighting
 - Level 9.0 Maces & Flails
 - Level 9.6 Armour
 - Level 3.2 Dodging
 - Level 4.0 Stealth
 + Level 9.8 Spellcasting
 - Level 4.5 Conjurations
 - Level 0.7 Transmutations
 + Level 9.6 Fire Magic
 - Level 11.6 Earth Magic
 + Level 5.4 Evocations


You had 18 spell levels left.
You knew the following spells:

 Your Spells              Type           Power        Failure   Level  Hunger
a - Sandblast             Erth           ######       1%          1    None
b - Stone Arrow           Conj/Erth      ######       1%          3    None
c - Lee's Rapid Deconstr  Erth           ######....   1%          5    ####...
d - Passwall              Tmut/Erth      #####.....   1%          2    None
e - Conjure Flame         Conj/Fire      #####...     1%          3    None


Dungeon Overview and Level Annotations

Branches:
Dungeon (10/15)            Temple (1/1) D:5            Lair (6/6) D:9
 Shoals (0/4) Lair:3        Snake (0/4) Lair:2        Slime (0/5) Lair:6
    Orc (2/2) D:9
    Elf: Orc:2

Altars:
Ashenzari
Cheibriados
Dithmenos
Elyvilon
Fedhas
Gozag
Hepliaklqana
Kikubaaqudgha
Makhleb
Nemelex Xobeh
Okawaru
Qazlal
Ru
Sif Muna
Trog
Uskayaw
Vehumet
Xom
Yredelemnul
Zin
The Shining One
Beogh
Jiyva

Shops:
D:5 ?

Annotations:
Orc:1 Snorg
Orc:2 Azrael


Innate Abilities, Weirdness & Mutations

You are resistant to torment.
Your stone body is resilient. (AC +9)
You are immune to poison.
Your large and strong wings let you fly indefinitely.
You resist negative energy. (rN+)
You are resistant to electric shocks. (rElec)
You can survive without breathing.
You are immune to petrification.
You are immune to rotting.


Message History

There is a stone staircase leading up here.
The orc knight closely misses you. The ogre hits you with a giant club!
The orc warrior hits you with a scimitar!
The orc warrior barely misses you. The rime drake closely misses you.
The orc knight roars a battlecry!
The orcs go into a battle-frenzy!
The orc sorcerer hits you but does no damage.
The orc sorcerer casts a spell.
Snorg bites you but does no damage. Snorg claws you. x2
* * * LOW HITPOINT WARNING * * *
You fly upwards.
There is a stone staircase leading down here.
As you read the scroll of teleportation, it crumbles to dust.
You feel strangely unstable.
The rime drake bites you but does no damage.
The orc warrior barely misses you.
The orc knight hits you with an enchanted broad axe!
* * * LOW HITPOINT WARNING * * *
The orc warrior hits you with a scimitar!!
You die...

....###..)..).## ##.......#.#....
.#####.....[..## ###......####...
..###..........# #..........#..))
...#......#....###..............)
........####....#...............#
.........# #..........##.........
###.....## #.........#####......#
#..#### ##..oCo..## ##..)####
###.# ###..O@o.### #...)..## #.#
#....koT...####.......# ###
###.....................#
#........#...))[)....)...
##......##..##)##...##...
#...########.).######...
#....#.####.8.8.######..
###...##..#.....#.#.....
#......#..#.8.8.#.....).


You could see Snorg, an orc knight, an ettin, a rime drake, an orc sorcerer, 2
orc warriors and an ogre.

Vanquished Creatures
  10 hydras
  Harold (D:10)
  2 two-headed ogres
  2 death yaks (Lair:5)
  An orc high priest (Orc:1)
  A wolf spider (Lair:6)
  A manticore (Lair:3)
  4 elephants (Lair:4)
  A guardian serpent (Lair:6)
  7 black mambas
  2 torpor snails
  18 spiny frogs
  10 komodo dragons
  4 polar bears
  3 trolls
  3 hornets
  12 blink frogs
  7 hippogriffs
  6 dream sheep (Lair:6)
  2 redbacks (Lair:6)
  9 wyverns
  31 yaks
  3 fire elementals (Orc:1)
  A basilisk (Lair:3)
  A hungry ghost (D:6)
  Edmund (D:6)
  A warg (Orc:1)
  2 nagas (Lair:2)
  15 water moccasins
  7 porcupines
  8 orc warriors
  A hell hound (Orc:2)
  A black bear (Lair:2)
  A phantom (D:5)
  14 ogres
  An eye of draining (D:9)
  4 centaurs
  14 wolves
  8 crocodiles
  3 big kobolds
  Blork the orc (D:6)
  12 bullfrogs
  3 scorpions
  A water moccasin zombie (D:9)
  4 killer bees (D:7)
  3 wights (D:8)
  An electric eel (Lair:6)
  3 howler monkeys (D:9)
  2 crimson imps
  A centaur zombie (D:9)
  2 bullfrog zombies
  2 hounds
  5 orc priests
  2 jellies
  14 orc wizards
  A bullfrog skeleton (D:6)
  2 human zombies (Ossuary)
  6 iguanas
  8 worker ants
  A big kobold zombie (Ossuary)
  A hound skeleton (D:10)
  3 mummies (Ossuary)
  2 worker ant zombies
  3 gnolls (D:6)
  13 adders
  A shadow imp (D:7)
  An adder zombie (D:4)
  3 adder skeletons
  4 worms
  3 dart slugs
  9 leopard geckos
  46 orcs
  A ball python (D:1)
  6 giant cockroaches
  10 goblins
  6 hobgoblins
  13 jackals
  23 kobolds
  6 quokkas
  9 bats
  7 frilled lizards
  3 goblin zombies (Ossuary)
  2 orc zombies (Ossuary)
  A quokka skeleton (D:4)
  A quokka zombie (D:6)
  7 rats
  3 fungi
484 creatures vanquished.

Vanquished Creatures (others)
  28 fungi
  46 plants
74 creatures vanquished.

Grand Total: 558 creatures vanquished

Notes
Turn   | Place    | Note
-------+----------+-------------------------------------------
     0 | D:1      | esteth the Gargoyle Earth Elementalist began the quest for the Orb.
     0 | D:1      | Reached XP level 1. HP: 10/10 MP: 3/3
   223 | D:1      | Reached XP level 2. HP: 13/15 MP: 5/5
   781 | D:1      | Reached XP level 3. HP: 15/19 MP: 6/6
  1192 | D:2      | Reached skill level 5 in Earth Magic
  1242 | D:2      | Reached XP level 4. HP: 23/24 MP: 7/7
  1840 | D:2      | Reached XP level 5. HP: 27/28 MP: 8/8
  2057 | D:2      | Learned a level 3 spell: Stone Arrow
  2092 | D:2      | Noticed an ogre
  2566 | D:3      | Reached XP level 6. HP: 27/32 MP: 9/9
  3404 | D:4      | Reached XP level 7. HP: 35/36 MP: 10/10
  3758 | D:5      | Entered Level 5 of the Dungeon
  3775 | D:5      | Learned a level 5 spell: Lee's Rapid Deconstruction
  3790 | D:5      | Found Zuus's Magic Scroll Shop.
  4371 | D:5      | Reached skill level 10 in Earth Magic
  4449 | D:5      | Reached XP level 8. HP: 35/41 MP: 7/11
  4605 | D:5      | Found a staircase to the Ecumenical Temple.
  4614 | Temple   | Entered the Ecumenical Temple
  4645 | Temple   | Became a worshipper of Vehumet
  5057 | D:6      | Found a shimmering altar of Xom.
  5093 | D:6      | Reached skill level 1 in Fighting
  5093 | D:6      | Reached skill level 1 in Conjurations
  5406 | D:6      | Noticed Edmund
  5443 | D:6      | Killed Edmund
  5743 | D:6      | Reached XP level 9. HP: 44/48 MP: 3/14
  5745 | D:6      | Noticed Blork the orc
  5791 | D:6      | Reached * piety under Vehumet
  5791 | D:6      | Offered knowledge of Sting by Vehumet.
  5799 | D:6      | Killed Blork the orc
  5809 | D:6      | Reached skill level 5 in Spellcasting
  5975 | D:6      | Learned a level 2 spell: Passwall
  6542 | D:7      | Found a sand-covered staircase.
  6547 | Ossuary  | Entered an ossuary
  6796 | Ossuary  | Offered knowledge of Freeze by Vehumet.
  6818 | Ossuary  | Reached ** piety under Vehumet
  7245 | D:8      | Found an iron altar of Okawaru.
  7245 | D:8      | Found a hide-covered altar of Uskayaw.
  7245 | D:8      | Found a shadowy altar of Dithmenos.
  7245 | D:8      | Found a burning altar of Makhleb.
  7245 | D:8      | Found a shattered altar of Ashenzari.
  7245 | D:8      | Found a glowing golden altar of the Shining One.
  7245 | D:8      | Found a stormy altar of Qazlal.
  7636 | D:8      | Found a sparkling altar of Nemelex Xobeh.
  8118 | D:9      | Noticed a hornet
  8127 | D:8      | Killed a hornet
  8174 | D:8      | Reached XP level 10. HP: 37/53 MP: 6/22
  8351 | D:9      | Reached skill level 1 in Maces & Flails
  8364 | D:9      | Reached skill level 1 in Evocations
  8367 | D:9      | Reached skill level 1 in Armour
  8538 | D:9      | Offered knowledge of Throw Flame by Vehumet.
  8575 | D:9      | Noticed a two-headed ogre
  8695 | D:9      | Killed a two-headed ogre
  9012 | D:9      | Got a warped leather armour
  9013 | D:9      | Identified the cursed +1 leather armour "Bielel" {-Tele rCorr Str+10} (You found it on level 9 of the Dungeon)
  9027 | D:9      | Found a staircase to the Lair.
  9260 | D:9      | Reached *** piety under Vehumet
  9540 | D:9      | Found a glowing silver altar of Zin.
  9558 | D:9      | Found a staircase to the Orcish Mines.
 10000 | Lair:1   | Entered Level 1 of the Lair of Beasts
 10019 | Lair:1   | Learned a level 3 spell: Conjure Flame
 10055 | Lair:1   | Reached XP level 11. HP: 61/61 MP: 23/23
 10068 | D:9      | Reached skill level 1 in Fire Magic
 10133 | Lair:1   | Offered knowledge of Olgreb's Toxic Radiance by Vehumet.
 10433 | Lair:1   | Reached skill level 5 in Fighting
 10978 | Lair:2   | Noticed a six-headed hydra
 10989 | Lair:2   | Killed a six-headed hydra
 10989 | Lair:2   | Reached skill level 5 in Armour
 11211 | Lair:2   | Got a bloodstained trident
 11212 | Lair:2   | Identified the +5 trident "Estruth" {flame, rPois} (You found it on level 2 of the Lair of Beasts)
 11515 | Lair:2   | Reached skill level 5 in Maces & Flails
 11924 | Lair:2   | Found a staircase to the Snake Pit.
 12367 | Lair:3   | Reached **** piety under Vehumet
 12383 | Lair:3   | Offered knowledge of Ignite Poison by Vehumet.
 12455 | Lair:3   | Reached XP level 12. HP: 40/71 MP: 18/24
 12646 | Lair:3   | Reached skill level 5 in Fire Magic
 13128 | Lair:3   | Got a heavily jewelled robe
 13139 | Lair:3   | Identified the +1 robe of Azevunta {+Fly rCorr Dex-5 SInv} (You found it on level 3 of the Lair of Beasts)
 13142 | Lair:3   | Noticed a seven-headed hydra
 13144 | Lair:3   | Killed a seven-headed hydra
 13174 | Lair:3   | Found a staircase to the Shoals.
 14048 | Lair:4   | Noticed a four-headed hydra
 14062 | Lair:4   | Killed a four-headed hydra
 14271 | Lair:4   | Noticed a five-headed hydra
 14274 | Lair:4   | Killed a five-headed hydra
 14690 | Lair:4   | Noticed an eight-headed hydra
 14695 | Lair:4   | Killed an eight-headed hydra
 14695 | Lair:4   | Reached XP level 13. HP: 80/80 MP: 20/25
 15978 | Lair:5   | Reached ***** piety under Vehumet
 16260 | Lair:6   | Entered Level 6 of the Lair of Beasts
 16705 | Lair:6   | Offered knowledge of Ozocubu's Refrigeration by Vehumet.
 16951 | Lair:6   | Found a viscous altar of Jiyva.
 16951 | Lair:6   | Found a staircase to the Slime Pits.
 16975 | Lair:6   | Reached skill level 10 in Fighting
 17624 | Lair:6   | Gained mutation: Your large and strong wings let you fly indefinitely. [Gargoyle growth]
 17624 | Lair:6   | Reached XP level 14. HP: 82/88 MP: 23/27
 18383 | Lair:5   | Reached skill level 5 in Evocations
 18596 | D:10     | Entered Level 10 of the Dungeon
 18664 | D:10     | Noticed Harold
 18672 | D:10     | Killed Harold
 18959 | Orc:1    | Entered Level 1 of the Orcish Mines
 19371 | Orc:1    | Found a dark tunnel.
 19490 | Orc:1    | Found a roughly hewn altar of Beogh.
 19658 | Orc:2    | Entered Level 2 of the Orcish Mines
 19665 | Orc:2    | Noticed Azrael
 19738 | Orc:2    | Noticed Snorg
 20003 | Orc:1    | Mangled by an orc warrior

Skill      XL: |  1  2  3  4  5  6  7  8  9 10 11 12 13 14 |
---------------+-------------------------------------------+-----
Earth Magic    | 4 5 6 8 10 11 | 11.6
Stealth        | 3 4 |  4.0
Fighting       | 2 4 6 8 10 11 | 11.1
Conjurations   | 4 |  4.5
Spellcasting   | 3 8 9 |  9.8
Maces & Flails | 3 5 8 9 |  9.0
Dodging        | 3 |  3.2
Evocations     | 2 4 5 |  5.4
Armour         | 3 6 8 9 |  9.6
Fire Magic     | 4 7 9 |  9.6
Transmutations | |  0.7

Action                   |  1- 3 |  4- 6 |  7- 9 | 10-12 | 13-15 || total
-------------------------+-------+-------+-------+-------+-------++-------
Melee: Unarmed           |    38 |       |       |       |       ||    38
       Club              |    18 |       |       |       |       ||    18
       Dagger            |    62 |    44 |       |       |       ||   106
       Flail             |       |   133 |   208 |    68 |    19 ||   428
 Cast: Sandblast         |     9 |     7 |    57 |   211 |   319 ||   603
       Stone Arrow       |       |     8 |    17 |    69 |    63 ||   157
       Lee's Rapid Decon |       |       |    17 |    20 |    30 ||    67
       Conjure Flame     |       |       |       |     3 |     3 ||     6
 Abil: Fly               |       |       |       |       |     1 ||     1
Evoke: Wand              |       |       |       |       |     1 ||     1
  Use: Scroll            |     2 |       |    18 |     9 |     3 ||    32
       Potion            |       |       |    10 |     2 |     4 ||    16
 Stab: Sleeping          |     4 |    16 |     6 |     3 |       ||    29
  Eat: Chunk             |     1 |     9 |    20 |    24 |    29 ||    83
Armor: Robe              |    44 |    75 |   120 |   127 |   122 ||   488
       Skin              |       |       |    28 |       |       ||    28
Dodge: Dodged            |    71 |   143 |   187 |   181 |   117 ||   699
